 Dungeon Crawl Stone Soup version 0.22.1-1-ga44c0e5 (webtiles) character file.

112 Fang the Skirmisher (level 4, -12/43 HPs)
             Began as a Gargoyle Berserker on Oct 5, 2018.
             Was a Believer of Trog.
             Mangled by an ogre
             ... wielding a +0 giant club
              (18 damage)
             ... on level 3 of the Dungeon.
             The game lasted 00:01:45 (2644 turns).

Fang the Skirmisher (Gargoyle Berserker)            Turns: 2644, Time: 00:01:45

Health: -12/43     AC:  5    Str: 27    XL:     4   Next: 95%
Magic:  4/4        EV: 12    Int:  7    God:    Trog [**....]
Gold:   157        SH:  0    Dex:  9    Spells: 3/3 levels left

rFire    . . .     SeeInvis .   a - +0 hand axe
rCold    . . .     Gourm    .   (no shield)
rNeg     + . .     Faith    .   b - +0 animal skin
rPois    ∞         Spirit   .   (no helmet)
rElec    +         Reflect  .   (no cloak)
rCorr    .         Harm     .   (no gloves)
MR       .....                  (no boots)
Stlth    ..........             r - amulet of inaccuracy (curse)
HPRegen  0.14/turn              (no ring)
MPRegen  0.09/turn              (no ring)

@: berserking, very quick
A: negative energy resistance 1, electricity resistance, unbreathing,
petrification resistance, rot immunity, AC +3
a: Berserk, Trog's Hand, Renounce Religion


You were on level 3 of the Dungeon.
You worshipped Trog.
Trog was pleased with you.
You were very hungry.

You visited 1 branch of the dungeon, and saw 3 of its levels.

You collected 157 gold pieces.

Inventory:

Hand Weapons
 a - a +0 hand axe (weapon)
Armour
 b - a +0 animal skin (worn)
Jewellery
 r - a cursed amulet of inaccuracy (around neck)
Scrolls
 d - 3 scrolls of teleportation {unknown}
 e - 2 scrolls of enchant armour {unknown}
 g - 3 scrolls of remove curse {unknown}
 i - 3 scrolls of identify {unknown}
 k - a scroll of fear {unknown}
 l - a scroll of fog {unknown}
 n - a scroll of amnesia {unknown}
 p - a scroll of blinking {unknown}
Potions
 f - a potion of flight {unknown}
 h - a potion of resistance {unknown}
 j - a potion of heal wounds {unknown}
 m - 2 potions of mutation {unknown}
 o - a potion of brilliance {unknown}
Comestibles
 c - 5 rations
 q - 4 chunks of flesh


   Skills:
 + Level 4.2 Fighting
 + Level 3.9 Axes
 + Level 2.3 Armour
 + Level 2.1 Dodging
 + Level 0.5 Stealth


You had 3 spell levels left.
You didn't know any spells.
Your spell library was empty.

Dungeon Overview and Level Annotations

Branches:
Dungeon (3/15)

Altars:
Trog


Innate Abilities, Weirdness & Mutations

You are resistant to torment.
Your stone body is resilient. (AC +3)
You are immune to poison.
You resist negative energy. (rN+)
You are resistant to electric shocks. (rElec)
You can survive without breathing.
You are immune to petrification.
You are immune to rotting.


Message History

An ogre is nearby!
The ogre shouts!
You see here a hobgoblin corpse.
The ogre hits you with a giant club!
A red film seems to cover your vision as you go berserk!
You feel yourself moving faster!
You feel mighty!
You are feeling very hungry.
The ogre completely misses you.
You hit the ogre.
The ogre is lightly wounded.
You closely miss the ogre.
The ogre is lightly wounded.
The ogre hits you with a giant club!
* * * LOW HITPOINT WARNING * * *
You slash the ogre!
The ogre is moderately wounded.
You closely miss the ogre.
The ogre is moderately wounded.
The ogre hits you with a giant club!!
You die...

....<....#.#
####.######
#####.##.#.# #.#
# #.# #.# ##.##
#.. ..# #...#
###. .## #...#
.. #...# ..
#...####
..#######††....#
#...O@......#
...............#
. ..
.##...........##
.##.. ...#.
######....###
#.... ....(
#.....# #....
... #...###
##..#. ... #...#
##...#. #.# ...#
#...... ### #.#
#########.#.


You could see an ogre.

Vanquished Creatures
  Robin (D:2)
  3 adders
  2 dart slugs
  2 leopard geckos (D:2)
  5 orcs (D:3)
  11 goblins
  6 hobgoblins
  3 jackals (D:2)
  7 kobolds
  3 quokkas
  A ball python (D:2)
  4 bats
  10 frilled lizards
  5 rats
63 creatures vanquished.

Notes
Turn   | Place    | Note
-------+----------+-------------------------------------------
     0 | D:1      | Fang the Gargoyle Berserker began the quest for the Orb.
     0 | D:1      | Reached XP level 1. HP: 14/14 MP: 1/1
   766 | D:1      | Reached XP level 2. HP: 11/19 MP: 2/2
  1146 | D:2      | Reached XP level 3. HP: 15/24 MP: 3/3
  1470 | D:2      | Noticed Robin
  1474 | D:2      | Reached ** piety under Trog
  1485 | D:2      | Killed Robin
  1485 | D:2      | Reached skill level 4 in Fighting
  1615 | D:2      | Reached XP level 4. HP: 29/29 MP: 4/4
  1633 | D:2      | Found a bloodstained altar of Trog.
  2637 | D:3      | Noticed an ogre
  2644 | D:3      | Mangled by an ogre

Skill      XL: |  1  2  3  4 |
---------------+-------------+-----
Axes           | 3 |  3.9
Fighting       | 4 |  4.2
Dodging        | 2 |  2.1
Armour         | |  2.3
Stealth        | |  0.5

Action                   |  1- 3 |  4- 6 || total
-------------------------+-------+-------++-------
Melee: Hand axe          |    98 |    93 ||   191
Invok: Berserk           |     1 |     1 ||     2
  Eat: Chunk             |     3 |     3 ||     6
Armor: Animal skin       |    27 |    35 ||    62
Dodge: Dodged            |    71 |    72 ||   143
